Map: Oxide LE

Players

boanaan - Winner!

  • Race: Protoss Protoss
  • League: Master
  • Spawn Location: 1:00

ImbaTerraN

  • Race: Terran Terran
  • League: Master
  • Spawn Location: 7:00

VOD

Have the link to the VOD?

Description

Time

  • Played on: Oct. 16, 2020, 5:01 a.m.
  • Length: 6:51
Show
View Real Time Build Order
Export as new Build Order

boanaan Protoss - Winner!

Build Orders: Cannon Rush 

Get SALT Encoding   

  12  0:00  Probe  
  13  0:12  Probe  
  14  0:18  Pylon  
  14  0:24  Probe  
  15  0:37  Probe  
  15  0:41  Forge  
  16  0:53  Pylon  
  16  0:57  Probe  
  17  1:10  Probe  
  18  1:19  Photon Cannon  
  18  1:21  Gateway  
  18  1:31  Photon Cannon  
  19  1:40  Probe  
  19  1:46  Photon Cannon  
  19  1:53  Photon Cannon  
  18  2:00  Probe  
  19  2:11  Cybernetics Core  
  19  2:22  Pylon  
  19  2:23  Zealot (Chrono Boost)  
  19  2:29  Pylon  
  21  2:31  Probe  
  21  2:37  Assimilator  
  22  2:45  Zealot (Chrono Boost)  
  24  2:55  Photon Cannon  
  24  3:05  Photon Cannon  
  22  3:17  Gateway  
  22  3:19  Probe  
  23  3:23  Shield Battery  
  23  3:29  Pylon  
  23  3:39  Probe (Chrono Boost)  
  24  3:47  Cybernetics Core  
  24  3:50  Probe (Chrono Boost)  
  24  3:51  Assimilator  
  24  3:53  Zealot (Chrono Boost)  
  26  4:23  Photon Cannon  
  21  4:44  Photon Cannon  
  21  4:45  Pylon  
  20  4:53  Probe  
  21  5:06  Probe  
  22  5:10  Stalker (Chrono Boost)  
  24  5:16  Shield Battery  
  24  5:20  Probe  
  21  5:29  Shield Battery  
  21  5:38  Stalker (Chrono Boost)  
  22  5:52  Probe  
  23  6:03  Stalker  
  25  6:04  Probe  
  26  6:13  Pylon  
  26  6:16  Probe  
Show
View Real Time Build Order
Export as new Build Order

ImbaTerraN Terran 

Build Orders:  

Get SALT Encoding   

  12  0:00  SCV  
  13  0:12  SCV  
  14  0:22  Supply Depot  
  14  0:32  SCV  
  15  0:44  Barracks  
  15  0:54  SCV  
  16  1:02  Barracks  
  16  1:13  Barracks  
  16  1:31  Marine  
  17  1:34  Barracks  
  17  1:49  Marine  
  17  1:52  Marine  
  19  1:58  Supply Depot  
  19  2:01  Marine  
  19  2:06  Marine  
  21  2:10  Marine  
  22  2:19  Marine  
  23  2:24  Marine  
  23  2:28  Bunker, Marine  
  25  2:37  Marine  
  25  2:42  Marine  
  27  2:46  Marine  
  28  2:55  Marine  
  28  3:00  Marine  
  28  3:04  Marine  
  26  3:13  Marine  
  26  3:18  Marine  
  26  3:22  Marine  
  26  3:30  Marine  
  16  4:11  Marine  
  12  4:35  Marine  
  13  4:38  Marine  
  14  4:46  Marine  
  12  4:54  Marine  
  12  5:02  Marine  
  13  5:12  Marine  
  14  5:19  Marine  
  15  5:26  Marine  
  16  5:33  Marine  
  17  5:44  Marine  
Tags
 
Matchup
PvT
Spawn Locations
Cross Positions
Add a new tag
Caveats
  • Supply blocks, unpowered buildings, or Contaminate may cause inaccurate times.
  • Supply counts are checked every 10 seconds.